 Dungeon Crawl Stone Soup version 0.18-a0-1782-gb76a692 (webtiles) character file.

68 epen the Distorting Demonspawn (level 4, -1/35 HPs)
             Began as a Demonspawn Abyssal Knight on Apr 17, 2016.
             Was a Believer of Lugonu.
             Slain by an orc
             ... wielding a cursed +0 hand axe
              (4 damage)
             ... on level 2 of the Dungeon.
             The game lasted 00:03:02 (2452 turns).

epen the Distorting Demonspawn (DsAK)               Turns: 2452, Time: 00:03:02

Health: -1/35      AC:  6    Str: 14    XL:     4   Next: 1%
Magic:  6/6        EV: 11    Int: 13    God:    Lugonu [**....]
Gold:   122        SH:  0    Dex: 12    Spells: 0 memorised, 3 levels left

rFire  + . .     SeeInvis .     a - +1 falchion
rCold  x . .     Gourm    .     m - +0 ring mail
rNeg   . . .     Faith    .     (no shield)
rPois  .         Spirit   .     (helmet restricted)
rElec  .         Dismiss  .     h - +0 cloak
rCorr  .         Reflect  .     (no gloves)
SustAt .         Harm     .     (no boots)
MR     .....                    (no amulet)
Stlth  +.........               (no ring)
                                d - ring of fire

@: not resistant to hostile enchantments, very unstealthy
A: horns 2
a: Depart the Abyss, Bend Space, Renounce Religion


You were on level 2 of the Dungeon.
You worshipped Lugonu.
Lugonu was pleased with you.
You were not hungry.

You visited 1 branch of the dungeon, and saw 3 of its levels.
You visited the Abyss 1 time.

You collected 122 gold pieces.

Inventory:

Hand Weapons
 a - a +1 falchion (weapon)
Armour
 b - a +0 leather armour
 h - a +0 cloak (worn)
 m - a +0 ring mail (worn)
Jewellery
 d - a ring of fire (left hand)
Scrolls
 e - 4 scrolls of remove curse {unknown}
 f - a scroll of amnesia {unknown}
 g - a scroll of identify {unknown}
 l - a scroll of immolation {unknown}
Potions
 i - a potion of curing {unknown}
 k - a potion of lignification {unknown}
Comestibles
 c - a bread ration
 j - a beef jerky


   Skills:
 - Level 3.0 Fighting
 * Level 2.8 Long Blades
 - Level 1.7 Armour
 + Level 2.0 Dodging
 * Level 3.5 Invocations


You had 3 spell levels left.
You didn't know any spells.

Dungeon Overview and Level Annotations

Branches:
Dungeon (3/15)

Altars:
Dithmenos
Makhleb
Sif Muna
Vehumet

Annotations:
D:1 1 runed door


Innate Abilities, Weirdness & Mutations

You have a pair of horns on your head.


Message History

The orc's wounds heal themselves!
There is a stone staircase leading up here.
The orc hits you with a hand axe.
* * * LOW HITPOINT WARNING * * *
You climb upwards.
There is a stone staircase leading down here.
You are too injured to fight recklessly!
You are too injured to fight recklessly!
You barely miss the orc. The orc barely misses you.
You hit the orc.
The orc is severely wounded.
The orc barely misses you.
You hit the orc but do no damage.
The orc is severely wounded.
The orc hits you but does no damage. The orc hits you with a hand axe.
* * * LOW HITPOINT WARNING * * *
You hit the orc.
The orc is almost dead.
The orc hits you with a hand axe.
You die...

#≈#≈§≈§≈##.#..##..#.....[.#..
#≈#≈§..≈##.#..###.##.....##..
##≈#≈§..≈⌠#.#..#
#.####.####..
#..'§._.§##....#
#...........#
#.≈#≈...≈⌠##...#
#######.#####
#.≈#≈...≈###...#########.#
#.≈#≈≈≈≈≈# #.............#
####.≈##⌠#⌠## #o.############
.....§≈##### ##@.......(...#
.####### ############.# .#
#.# .# #.# .# #######.#####
.# #............ .# ########
#.#####.##### ##
##......###.#..#<.#
#.......'......#..#


You could see an orc.

Vanquished Creatures
  2 adders (D:2)
  A worm (D:2)
  8 bats
  3 giant cockroaches
  10 goblins
  6 hobgoblins
  A quokka (D:3)
  A giant newt (D:1)
  5 kobolds
  10 rats
47 creatures vanquished.

Notes
Turn   | Place    | Note
--------------------------------------------------------------
     0 | Abyss:1  | epen the Demonspawn Abyssal Knight began the quest for the Orb.
     0 | Abyss:1  | Reached XP level 1. HP: 18/18 MP: 2/2
    40 | Abyss:1  | Found a corrupted altar of Lugonu.
    50 | D:1      | Escaped the Abyss
    52 | D:1      | Found a runed door.
    78 | D:1      | Reached skill level 1 in Dodging
   255 | D:1      | Gained mutation: You have a pair of small horns on your head. [demonic ancestry]
   255 | D:1      | Reached XP level 2. HP: 24/24 MP: 2/4
   540 | D:1      | Reached ** piety under Lugonu
   990 | D:2      | Found a shadowy altar of Dithmenos.
  1254 | D:2      | Found a faded altar to an unknown god.
  1257 | D:2      | Gained mutation: You have a pair of horns on your head. [demonic ancestry]
  1257 | D:2      | Reached XP level 3. HP: 29/29 MP: 5/5
  1805 | D:2      | Found a radiant altar of Vehumet.
  1805 | D:2      | Found a deep blue altar of Sif Muna.
  2078 | D:2      | Found a burning altar of Makhleb.
  2375 | D:3      | Reached XP level 4. HP: 31/35 MP: 6/6
  2452 | D:2      | Slain by an orc

Vault maps used:
D:1:      dpeg_arrival_caged_fury
D:2:      old_standard_altar, gammafunk_temple_overflow_statue,
          lightli_temple_of_fire, ecumenical_altar_2
D:3:      uniq_terence, uniq_grinder
Abyss:1:  evilmike_abyss_exit_smiterflies, hangedman_abyss_mock_shop

Skill      XL: |  1  2  3 |
---------------+----------+-----
Dodging        | 1 2 |  2.0
Invocations    | 3 |  3.5
Long Blades    | 2 |  2.8
Fighting       | |  3.0
Armour         | |  1.7

Action                   |  1- 3 |  4- 6 || total
-------------------------+-------+-------++-------
Melee: Falchion          |   140 |    11 ||   151
       Headbutt          |    13 |       ||    13
  Use: Potion            |     1 |       ||     1
  Eat: Meat ration       |     1 |       ||     1
Armor: Leather armour    |    45 |       ||    45
       Ring mail         |     1 |     4 ||     5
Dodge: Dodged            |    82 |     7 ||    89
